Unix NetHack Version 5.0.0-0 post-release - last build May 23 2026 06:08:33 (1c0ff79ee797540d5714e4e18072db0edd9e58ae,branch:main).

Game began 2026-05-27 19:07:46, ended 2026-05-27 19:59:58.

DaveT, lawful male human Priest

                        -----------           -----------
                        |... .....             .........|
          -----         |.----....-----      ----.....{.|
          |...|        #..|..|  ..|.!(|      |..|.......|
          |....####    #|.|..|---.|.?%|      |..-.......|       ------[.-
          |...|   ######|.|..|..|.-.%!|      |---.-----..       |........
          |...|        #|.-|-|..|.----|    +--....-   |.|       |.......|
          |.>..#########.....--|-..-..|1   .  ....|   |.|       +........
          |...|        )|..........|..|+--.- ---..-----.|       |........
          --|--        %|.{..-|--.----|....    |........|     ##-.....`..
            #          #|....|..|.|...|..      |.-%---..-     # |........
            ###     ####|.--||..|.|...|.--------.|...|..|   ### --...----
              #     #  #|.|..|..|.|.@d-.|G.|..|..|(((|..|   #
           ---.--####  #|.|..|---.|...|d@@.|..|..|(((|..|   #
           |.<..|#     #|.----....-----)----%--..-----..|  ##
           |.....#     #|...............................|  #
           |....|      #---------------------------------###
           ------      ###################################

DaveT the Adept              St:13 Dx:16 Co:14 In:13 Wi:18 Ch:11  Lawful
Dlvl:8  $:41 HP:0(71) Pw:32(89) AC:-5 Xp:9 T:8013  Hungry   Burdened

Latest messages:
 You feel better.
 The gnomish wizard points at you, then curses.
 The winter wolf cub breathes frost!
 The blast of frost hits the soldier.
 The blast of frost whizzes by you!
 The blast of frost bounces!
 The blast of frost whizzes by you!
 The blast of frost hits the soldier.
 The gnomish wizard points at you, then curses.
 The soldier thrusts her spear.
 The soldier hits!
 The gnomish wizard points at you, then curses.
 What do you want to drink? [ikvELP or ?*] i
 You feel better.
 The soldier thrusts her spear.
 The soldier hits!
 The air crackles around the gnomish wizard.
 You miss the gnomish wizard.
 The soldier thrusts her spear.
 The soldier misses!
 The gnomish wizard points all around, then curses.
 You miss the soldier.
 The soldier thrusts her spear.
 The soldier hits!
 The gnomish wizard points at you, then curses.
 The soldier thrusts her spear.
 The soldier hits!
 The gnomish wizard points all around, then curses.
 You miss the soldier.
 The gnomish wizard points all around, then curses.
 You hit the soldier.
 The soldier thrusts her spear.
 The soldier hits!
 The gnomish wizard points at you, then curses.
 You hit the soldier.
 The gnomish wizard casts a spell at you!
 Your brain is on fire!
 The winter wolf cub breathes frost!
 The blast of frost misses the soldier.
 The blast of frost hits you!
 You hear the howling of the CwnAnnwn...
 The blast of frost bounces!
 The blast of frost whizzes by you!
 The blast of frost hits the soldier.
 The blast of frost hits the winter wolf cub.
 The soldier thrusts her spear.
 The soldier hits!
 You die...
 Do you want your possessions identified? [ynq] (y) y
 Do you want to see your attributes? [ynq] (y) q

Inventory:
 Coins    ('$')
  $ - 41 gold pieces
 Weapons  (')')
  A - 4 rustproof +1 darts (at the ready)
  B - 2 +0 daggers
  X - a corroded +0 aklys (tethered to right hand)
 Armor    ('[')
  q - a +0 orcish helm (being worn)
  z - a +0 pair of leather gloves (being worn)
  U - a +0 pair of low boots (being worn)
  J - a blessed +1 small shield (being worn)
  b - a blessed +3 robe (being worn)
  l - a +0 studded leather armor (being worn)
 Comestibles  ('%')
  e - a clove of garlic
  f - a sprig of wolfsbane
 Scrolls  ('?')
  u - a scroll of identify
  t - 2 scrolls of scare monster
  Q - a scroll of teleportation
 Potions  ('!')
  P - a potion of enlightenment
  E - a potion of gain ability
  L - a potion of healing
  i - a cursed potion of healing
  v - a potion of sickness
  k - a potion of water
 Rings    ('=')
  O - a +2 ring of protection (on left hand)
  j - a ring of slow digestion
  G - a ring of warning (on right hand)
 Wands    ('/')
  m - a wand of digging (0:3)
  M - a wand of striking (0:0)
  d - a blessed wand of teleportation (0:3)
 Tools    ('(')
  n - a sack containing 15 items
  x - a blindfold
  g - a lock pick
  C - a +0 pick-axe
  N - a skeleton key

Contents of the sack:
  2927 gold pieces
  a tripe ration
  a scroll of blank paper
  a scroll of charging
  a scroll of create monster
  a scroll of enchant armor
  a scroll of enchant weapon
  a scroll of identify
  a cursed scroll of identify
  a scroll of light
  a scroll of stinking cloud
  a scroll of taming
  2 potions of healing
  a potion of water
  a tallow candle

DaveT the Priest's attributes:

Background:
 You were an Adept, a level 9 human Priest.
 You were lawful, on a mission for Quetzalcoatl
 who was opposed by Camaxtli (neutral) and Huhetotl (chaotic).
 You were right-handed.
 You were in the Gnomish Mines, on level 8.
 You entered the dungeon 8013 turns ago.
 You had 2837 experience points, 2283 more were needed to attain level 10.

Basics:
 You had 0 out of 71 hit points.
 You had 32 out of 89 energy points (spell power).
 Your armor class was -5.
 Your wallet contained 41 zorkmids, and
 you had 2927 more stashed away in your pack.
 Autopickup was off.

Final Characteristics:
 Your strength was 13 (limit:18/100).
 Your dexterity was 16 (limit:18).
 Your constitution was 14 (limit:18).
 Your intelligence was 13 (limit:18).
 Your wisdom was 18 (limit:18).
 Your charisma was 11 (limit:18).

Final Status:
 You were trapped in a web.
 You were hungry.
 You were burdened; movement was slightly slowed.
 You were wielding a club.
 You had basic skill with club.

Final Attributes:
 You were piously aligned.
 You were sleep resistant.
 You were warned.
 You had a small defense bonus (+2).
 You were protected.
 Your spell casting was enhanced by wearing a robe.
 You are dead.

Miscellaneous:
 You encountered 1 bones level.
 Total elapsed playing time was 52 minutes and 11 seconds.

Major events:
 Turn
    1: DaveT the lawful human Priest entered the dungeon
 1074: attained the rank of Acolyte (level 3)
 1944: entered the Gnomish Mines
 3418: attained the rank of Adept (level 6)
 5159: killed Upernavik, the general store proprietrix
 6635: reached Mine Town
 8013: killed by a soldier

Spells:
 Name                 Level Category     Fail Retention
 detect monsters        1   divination     0%   51%-75%
 healing                1   healing        0%   51%-60%
 light                  1   clerical       0%   71%-80%
 knock                  1   matter         0%   51%-75%
 restore ability        4   healing       39%   81%-90%

Skills:
 Fighting Skills
   bare handed combat [Unskilled]
 Weapon Skills
   club               [Basic]
   mace               [Expert]
   morning star       [Unskilled]
   flail              [Unskilled]
   hammer             [Unskilled]
   quarterstaff       [Unskilled]
   polearms           [Unskilled]
   spear              [Unskilled]
   trident            [Unskilled]
   lance              [Unskilled]
   bow                [Unskilled]
   sling              [Unskilled]
   crossbow           [Unskilled]
   dart               [Unskilled]
   shuriken           [Unskilled]
   boomerang          [Unskilled]
   unicorn horn       [Unskilled]
 Spellcasting Skills
   healing spells     [Basic]
   divination spells  [Unskilled]
   clerical spells    [Basic]

Voluntary challenges:
 Character rerolling was not enabled.
 You never genocided any monsters.
 You never polymorphed an object.
 You never changed form.
 You used no wishes.
Achievements:
 You entered a shop.
 You attained the rank of Acolyte.
 You entered the Gnomish Mines.
 You attained the rank of Adept.
 You entered Minetown.
 You entered a temple.

 The Dungeons of Doom: levels 1 to 9
    Level 1:
       A fountain.
    Level 2: "vault"
       A general store, an altar to Quetzalcoatl, a sink.
    Level 3:
       A general store.
    Level 4:
       Stairs down to The Gnomish Mines.
    Level 5:
       Some fountains.
    Level 6:
       A fountain.
    Level 7: "vault door in SE"
       A fountain.
    Level 8:
       Many fountains.
    Level 9:
       A grave.
 The Gnomish Mines: levels 5 to 10
    Level 5:
    Level 6:
    Level 7:
    Level 8: <- You were here.
       Some shops, a temple and an altar, some fountains.
       Final resting place for
          you, killed by a soldier.
    Level 9:
       A grave.
       Final resting place for
          hewsos-Val-Dwa-Fem-Law, killed by a giant spider, while sleeping.
    Level 10:


Vanquished creatures:
  a shopkeeper
  a ghost
  2 large dogs
  a tiger
  a gargoyle
 an ochre jelly
  a python
  3 Grey-elves
  a soldier
  a cockatrice
  3 wolves
  2 winter wolf cubs
  a spotted jelly
  2 giant spiders
  a horse
  a black light
  a vampire bat
  a dwarf mummy
  a lizard
  a chickatrice
  a dog
  a blue jelly
  3 ravens
  3 apes
  3 human zombies
  2 Woodland-elves
  a fire ant
  a water nymph
 an orc shaman
  a fog cloud
  a shrieker
  7 gnome leaders
  2 gnomish wizards
  a kobold mummy
  a guardian naga hatchling
  a ghoul
  3 floating eyes
  3 dwarves
  4 homunculi
  2 hill orcs
  7 rothes
  a centipede
  a monkey
  4 orc zombies
  4 dwarf zombies
  2 iguanas
  4 killer bees
  2 acid blobs
  2 hobbits
  2 manes
  2 large kobolds
  3 giant rats
  2 cave spiders
  a yellow mold
  a red mold
 31 gnomes
 13 garter snakes
  2 gnome zombies
  2 geckos
 11 jackals
  2 foxes
  a kobold
  2 goblins
 10 grid bugs
  4 bats
  8 lichens
  a kobold zombie
 10 newts
204 creatures vanquished.

No species were genocided or became extinct.

Game over:
                       ----------
                      /          \
                     /    REST    \
                    /      IN      \
                   /     PEACE      \
                  /                  \
                  |      DaveT       |
                  |     2968 Au      |
                  |   killed by a    |
                  |     soldier      |
                  |                  |
                  |                  |
                  |       2026       |
                 *|     *  *  *      | *
        _________)/\\_//(\/(/\)/\//\/|_)_______

Goodbye DaveT the Priest...

You died in The Gnomish Mines on dungeon level 8 with 14500 points,
and 2968 pieces of gold, after 8013 moves.
You were level 9 with a maximum of 71 hit points when you died.

